 Dungeon Crawl Stone Soup version 0.27-a0-1431-gcffa5a9b16 (webtiles) character file.

Game seed: 7492113100528786563

52 bande the Covered (level 3, -9/23 HPs)
             Began as a Gargoyle Fighter on July 3, 2021.
             Killed by divine providence
             ... invoked by an orc priest
              (17 damage)
             ... on level 3 of the Dungeon.
             The game lasted 00:03:18 (1501 turns).

bande the Covered (Gargoyle Fighter)                Turns: 1501, Time: 00:03:19

Health: -9/23      AC: 12    Str: 19    XL:     3   Next: 85%
Magic:  3/3        EV:  5    Int:  8    God:
Gold:   86         SH: 11    Dex: 10    Spells: 2/2 levels left

rFire    . . .     SeeInvis .   a - +0 war axe
rCold    . . .     Faith    .   g - +2 kite shield {reflect}
rNeg     + . .     Spirit   .   i - +0 chain mail
rPois    ∞         Reflect  +   (no helmet)
rElec    +         Harm     .   (no cloak)
rCorr    .         Rampage  .   (no gloves)
Will     .....                  (no boots)
Stlth    ..........             (no amulet)
HPRegen  0.07/turn              (no ring)
MPRegen  0.08/turn              (no ring)

@: no status effects
A: sickness immunity, AC +3, negative energy resistance 1, electricity
resistance, torment resistance 1, petrification resistance
a: no special abilities


You were on level 3 of the Dungeon.
You visited 1 branch of the dungeon, and saw 3 of its levels.

You collected 174 gold pieces.
You spent 88 gold pieces at shops.

Inventory:

Hand Weapons
 a - a +0 war axe (weapon)
 c - a +0 flail
Armour
 g - a +2 kite shield of reflection (worn)
 i - a +0 chain mail (worn)
Jewellery
 e - a ring of magical power
 f - a ring of wizardry
Scrolls
 h - 3 scrolls of identify
 l - a scroll of teleportation {unknown}
Potions
 b - 3 potions of curing {unknown}
 d - 3 potions of might
 j - a potion of resistance
 k - a potion of magic {unknown}


   Skills:
 + Level 3.5 Fighting
 + Level 2.6 Axes
 + Level 3.9 Armour
 + Level 0.3 Dodging
 + Level 3.6 Shields


You had 2 spell levels left.
You didn't know any spells.
Your spell library contained the following spells:

 Spells                   Type           Power      Damage    Failure   Level
 Poisonous Vapours        Pois/Air       0%         N/A       100%        2
 Gell's Gravitas          Tloc           0%         N/A       100%        3
 Mephitic Cloud           Conj/Pois/Air  0%         N/A       100%        3
 Teleport Other           Tloc           0%         N/A       100%        3
 Freezing Cloud           Conj/Ice/Air   0%         6-21      100%        5
 Dispersal                Tloc           0%         N/A       100%        6


Dungeon Overview and Level Annotations

Branches:
Dungeon (3/15)

Altars:

Shops:
D:2 [   D:3 (!


Innate Abilities, Weirdness & Mutations

You are immune to sickness and miasma.
Your stone body is resilient. (AC +3)
You are immune to poison.
You resist negative energy. (rN+)
You are resistant to electric shocks. (rElec)
You are resistant to unholy torment.
You are immune to petrification.


Message History

The orc is heavily wounded.
You barely miss the orc. You block the orc's attack.
The orc hits you with a +0 club. The orc hits you but does no damage.
You block the orc priest's attack. The orc hits you with a +0 club.
You hit the orc.
The orc is severely wounded.
You closely miss the orc priest. You closely miss the orc.
The orc hits you but does no damage.
A rat comes into view.
You block the orc's attack.
The orc priest hits you but does no damage.
You block the orc's attack.
You closely miss the orc priest. You closely miss the orc. You slash the orc!
You kill the orc!
The orc hits you but does no damage.
The orc priest hits you but does no damage.
You block the orc priest's attack. The orc barely misses you.
Unknown command.
You hit the orc priest but do no damage.
You slash the orc!
You kill the orc!
The orc priest calls down the wrath of Beogh upon you.
Beogh smites you! The rat bites you but does no damage.
You block the orc priest's attack.
Unknown command.
You closely miss the orc priest.
Your shield and chain mail prevent you from hitting the rat.
The rat completely misses you. You block the orc priest's attack.
Unknown command.
You barely miss the orc priest. You completely miss the rat.
The rat bites you but does no damage.
The orc priest miscasts a cantrip.
The rat bites you but does no damage.
The orc priest hits you but does no damage.
You closely miss the orc priest. You hit the rat.
You kill the rat!
The orc priest mumbles some strange prayers to Beogh against you.
Beogh smites you!
Ouch! That really hurt!
You die...

.# #.....#.# .##
#...#.#.#
..####...#.#.###
.........#.#...
........)..#.#######
...###...........$.#
#..# #.#...........#
#..#
#.#.#........##.##
#..#
#.#.#.#####@)...<#
...###.#.#.#
#o).#.##
...<##.#.#.# #...# #
.∩...(.#.#.. ......
....#### #.. ....#.#
....# ######.#
........ # ########


You could see an orc priest.

Vanquished Creatures
  An adder (D:2)
  2 orcs (D:3)
  5 ball pythons
  5 bats
  A giant cockroach (D:2)
  8 goblins
  2 hobgoblins (D:2)
  4 jackals (D:1)
  A quokka (D:1)
  2 frilled lizards
  3 kobolds
  3 rats
37 creatures vanquished.

Vanquished Creatures (others)
  13 plants (D:2)
13 creatures vanquished.

Grand Total: 50 creatures vanquished

Notes
Turn   | Place    | Note
-------+----------+-------------------------------------------
     0 | D:1      | bande the Gargoyle Fighter began the quest for the Orb.
     0 | D:1      | Reached XP level 1. HP: 14/14 MP: 1/1
   422 | D:1      | Reached XP level 2. HP: 19/19 MP: 2/2
   790 | D:2      | Reached XP level 3. HP: 23/23 MP: 3/3
   956 | D:2      | Found Wezeel's Antique Armour Shop.
  1418 | D:3      | Found Ofodwe's Distillery.
  1425 | D:3      | Found Siwuif's Antique Weapon Emporium.
  1440 | D:3      | Bought 2 potions of might for 88 gold pieces
  1501 | D:3      | Killed from afar by an orc priest

Illustrated notes

Levels and vault maps discovered:
D:1:      amcnicky_arrival_flooded_fountain, layout_loops_ring,
          grunt_decor_mini_mirrors
D:2:      layout_loops_ring, serial_shops, nicolae_square_shop,
          serial_bayou_pond_c
D:3:      layout_basic, chequers_ecumenical_altar_twisty, serial_shops,
          nicolae_lakefront_shop, shop_coins, shop,
          nicolae_shop_competitors_out_of_business

Skill      XL: |  1  2 |
---------------+-------+-----
Axes           | 2 |  2.6
Fighting       | |  3.5
Armour         | |  3.9
Dodging        | |  0.3
Shields        | |  3.6

Action                   || total
-------------------------++-------
Melee: War axe           ||    95
  Use: Scroll            ||     3
Armor: Scale mail        ||    38
       Chain mail        ||    28
Dodge: Dodged            ||    16
Block: Kite shield       ||    85
       Reflection        ||     3

Table legend: (Time is in decaauts)
 A = Elapsed time spent in this place.
 B = Non-inter-level travel time spent in this place.
 C = Inter-level travel time spent in this place.
 D = Time resting spent in this place.
 E = Time spent auto-exploring this place.
 F = Levels seen in this place.
 G = Mean time per level.
                   A        B        C        D        E       F      G
               +--------+--------+--------+--------+--------+-----+--------+
         Total |   1565 |   1565 |      0 |      0 |   1252 |   3 |  521.7 |
       Dungeon |   1565 |   1565 |      0 |      0 |   1252 |   3 |  521.7 |
               +--------+--------+--------+--------+--------+-----+--------+

Top non-repeatable levels by time:
     D:1: 811 daAuts
     D:2: 663 daAuts
     D:3: 90 daAuts
